 Dungeon Crawl Stone Soup version 0.30-a0-29-g142975f185 (webtiles) character file.

Game seed: 10984964429286023384

2592 frimble the Cutter (level 9, -6/68 HPs)
             Began as a Demonspawn Air Elementalist on Aug 26, 2022.
             Was an Initiate of Ashenzari.
             Killed from afar by Dowan (14 damage)
             ... with a stone arrow
             ... on level 5 of the Dungeon.
             The game lasted 00:08:42 (7853 turns).

frimble the Cutter (Demonspawn Air Elementalist)    Turns: 7853, Time: 00:08:43

Health: -6/68      AC:  8    Str:  9    XL:     9   Next: 33%
Magic:  8/12       EV: 28    Int: 18    God:    Ashenzari [......]
Gold:   126        SH:  0    Dex: 24    Spells: 7/12 levels left

rFire   . . .      SeeInvis .    a - +9 short sword of Urgency {speed, Dex+2}
rCold   + . .      Faith    .    (no shield)
rNeg    . . .      Spirit   .    i - +2 leather armour {rC+}
rPois   .          Reflect  .    t - +2 helmet of the Curse-Bearer {Alch, Elem} (curse)
rElec   .          Harm     .    (no cloak)
rCorr   +          Rampage  .    (no gloves)
Will    .....                    (no boots)
Stlth   +++.......               x - amulet of the acrobat
HPRegen 0.21/turn                r - ring of New Discoveries {rCorr Slay+3}
MPRegen 0.26/turn                p - +6 ring of dexterity

@: acrobatic
A: magic regeneration, sturdy frame 2, condensation shield
a: Renounce Religion, Shatter the Chains


You were on level 5 of the Dungeon.
You worshipped Ashenzari.
Ashenzari was noncommittal.
You visited 2 branches of the dungeon, and saw 8 of its levels.

You collected 378 gold pieces.
You spent 252 gold pieces at shops.

Inventory:

Hand Weapons
 a - the +9 short sword of Urgency (weapon) {speed, Dex+2}
   (You found it on level 4 of the Dungeon)

   Attacks with this weapon are significantly faster.
   Dex:       It affects your dexterity (+2).
 g - a +2 dagger of venom
Armour
 i - a +2 leather armour of cold resistance (worn)
 t - the cursed +2 helmet of the Curse-Bearer (worn) {Alch, Elem}
   (You found it on level 3 of the Dungeon)

   It has a curse which improves the following skills: Alchemy: Poison Magic and
   Transmutations.
   Elements:  Fire Magic, Ice Magic, Air Magic and Earth Magic.
 G - the +1 scale mail of the Six Stories {Dex+4}
   (You bought it in a shop on level 6 of the Dungeon)

   Dex:       It affects your dexterity (+4).
Jewellery
 p - a +6 ring of dexterity (right hand)
 r - the ring of New Discoveries (left hand) {rCorr Slay+3}
   (You found it on level 3 of the Dungeon)

   [ring of resist corrosion]

   Slay:      It affects your accuracy & damage with ranged weapons and melee
   (+3).
   rCorr:     It protects you from acid and corrosion.
 v - a ring of ice
 x - an amulet of the acrobat (around neck)
Wands
 s - a wand of flame (25)
 w - a wand of charming (7)
 z - a wand of iceblast (18)
 F - a wand of digging (8)
 H - a wand of polymorph (6)
Scrolls
 d - 6 scrolls of identify
 h - 2 scrolls of noise
 k - a scroll of fear
 l - 3 scrolls of teleportation
 n - a scroll of enchant armour
 q - 3 scrolls of poison
 u - a scroll of magic mapping
 y - a scroll of enchant weapon
 B - a scroll of brand weapon {unknown}
 C - a scroll of blinking {unknown}
 E - a scroll of acquirement {unknown}
 I - a scroll of butterflies {unknown}
Potions
 b - a potion of magic
 c - 7 potions of curing
 e - 2 potions of ambrosia {unknown}
 f - a potion of cancellation {unknown}
 j - 4 potions of degeneration {unknown}
 m - 4 potions of resistance {unknown}
 o - a potion of attraction {unknown}
 A - a potion of might {unknown}
 D - a potion of heal wounds {unknown}


   Skills:
 + Level 5.2 Fighting
 + Level 5.6 Short Blades
 - Level 2.0 Dodging
 - Level 3.5 Stealth
 - Level 2.0 Spellcasting
 - Level 2.2 Conjurations
 - Level 3.0 Hexes
 + Level 1.7(2.1) Transmutations
 - Level 4.6(5.1) Ice Magic
 - Level 3.3(3.7) Air Magic
 + Level 1.8(2.1) Earth Magic
 - Level 4.2 Evocations


You had 7 spell levels left.
You knew the following spells:

 Your Spells              Type           Power      Damage    Failure   Level
a - Shock                 Conj/Air       48%        1d6       5%          1
b - Passwall              Tmut/Erth      7%         N/A       11%         2
c - Ensorcelled Hibernat  Hex/Ice        32%        N/A       5%          2

Your spell library contained the following spells:

 Spells                   Type           Power      Damage    Failure   Level
 Magic Dart               Conj           40%        1d5       7%          1
 Static Discharge         Conj/Air       24%        3-5/arc   8%          2
 Poisonous Vapours        Pois/Air       16%        N/A       12%         2
 Swiftness                Air            15%        N/A       12%         3
 Necrotise                Necr           4%         1d4       19%         1
 Mephitic Cloud           Conj/Pois/Air  9%         N/A       24%         3
 Call Imp                 Summ           1%         N/A       26%         2
 Ignite Poison            Fire/Tmut/Pois 4%         N/A       36%         3
 Airstrike                Air            7%         2d(2-18)  36%         4
 Vampiric Draining        Necr           1%         2d6       47%         3
 Corpse Rot               Necr/Pois/Air  6%         N/A       71%         4
 Freezing Cloud           Conj/Ice/Air   7%         6-21      73%         5
 Agony                    Necr           1%         N/A       99%         5


Dungeon Overview and Level Annotations

Branches:
Dungeon (7/15)             Temple (1/1) D:7

Altars:
Ashenzari
Cheibriados
Dithmenos
Fedhas
Gozag
Hepliaklqana
Kikubaaqudgha
Makhleb
Nemelex Xobeh
Okawaru
Qazlal
Ru
Sif Muna
Trog
Uskayaw
Vehumet
Wu Jian
Xom
Yredelemnul

Shops:
D:5 :   D:6 [   D:7 (

Annotations:
D:5 1 runed translucent door, Crazy Yiuf, Dowan


Innate Abilities, Weirdness & Mutations

You regenerate magic rapidly.
Your movements are less encumbered by armour. (ER -4)
A meltable shield of frost defends you. (SH +0)


Message History

Dowan points at you and mumbles some strange words.
The puff of flame hits you!
Casting: Ensorcelled Hibernation (safe; 5% risk of failure)
Confirm with . or Enter, or press ? or * to list all spells.
Aiming: Ensorcelled Hibernation (safe; 5% risk of failure)
Press: ? - help, Shift-Dir - straight line, f/p - Duvessa
Aim: Duvessa, wielding a +2 short sword of holy wrath and wearing a +3 leather armour of fire resistance (chance to affect: 32%) Duvessa looks drowsy...
Dowan hits you with a +0 dagger.
The helpless Duvessa fails to defend herself.
You impale Duvessa!!
Duvessa is severely wounded.
Duvessa hits you with a +2 short sword of holy wrath!
You convulse!
Dowan hits you but does no damage.
You puncture Duvessa!
You kill Duvessa!
Dowan's eyes darken. "You have made a black mistake."
Dowan seems to find hidden reserves of power!
You closely miss Dowan.
Dowan is lightly wounded.
Dowan points at you and mumbles some strange words.
The shard of ice hits you! You partially resist.
You puncture Dowan!
Dowan is heavily wounded.
Dowan hits you but does no damage.
You closely miss Dowan.
Dowan is heavily wounded.
Dowan hits you but does no damage.
You puncture Dowan!
Dowan is almost dead.
Dowan casts a spell.
Dowan blinks!
Dowan says, "How can I live without her?"
Dowan points at you and mumbles some strange words.
The shard of ice hits you! You partially resist.
* * * LOW HITPOINT WARNING * * *
Dowan drinks a potion.
Dowan is healed!
Your magical contamination has completely faded away.
Dowan gestures at you while chanting. The stone arrow hits you!
You die...

#.# #.##.####.# ##...## ### #.#
#.........# ##.....## # ##.###.#
####.##.### ##.......###
#...##.######.#...####.........#.
.....................'.........'.
#...##.##)###.#...####.........##
#......÷..# #.##.## ##.∩.....##
#..###.#))# #...e# ##.....##
#..##..#..# ####@# ##...##
#..##.##..# #.# ##'## #.........#
#.# #.# #.###.###.# #)# #.#
#.........# #.#####....<#
......##### #...e.e..#... .######
#######...... .# #..e . .# ...


You could see Dowan (fast).

Vanquished Creatures
  Sigmund (D:5)
  A wyvern (D:7)
  A steam dragon (D:7)
  An acid dragon (D:5)
  Duvessa (D:5)
  A water moccasin (D:6)
  An orc warrior (D:6)
  A sky beast (D:7)
  3 centaurs
  3 phantoms
  A gnoll sergeant (D:6)
  3 scorpions
  5 wights (D:6)
  2 howler monkeys
  5 hounds
  An orc priest (D:6)
  A gnoll bouda (D:7)
  Jessica (D:2)
  An orc wizard (D:6)
  3 iguanas
  10 gnolls
  5 adders
  2 shadow imps
  2 white imps
  An ufetubus (D:5)
  2 worms
  2 dart slugs
  13 orcs
  4 endoplasms
  2 giant cockroaches
  15 goblins
  7 hobgoblins
  3 jackals (D:5)
  8 quokkas
  10 ball pythons
  A frilled lizard (D:2)
  2 kobolds
  4 rats
130 creatures vanquished.

Vanquished Creatures (others)
  An orc (D:7)
  4 toadstools (D:1)
5 creatures vanquished.

Grand Total: 135 creatures vanquished

Notes
Turn   | Place    | Note
-------+----------+-------------------------------------------
     0 | D:1      | frimble the Demonspawn Air Elementalist began the quest for
                  | the Orb.
     0 | D:1      | Reached XP level 1. HP: 13/13 MP: 3/3
   404 | D:1      | Gained mutation: You regenerate magic rapidly. [demonic
                  | ancestry]
   404 | D:1      | Reached XP level 2. HP: 19/19 MP: 0/5
   502 | D:1      | Found a faded altar of an unknown god.
   580 | D:1      | Learned a level 2 spell: Passwall
   583 | D:1      | Learned a level 2 spell: Ensorcelled Hibernation
  1180 | D:2      | Noticed Jessica
  1190 | D:2      | Killed Jessica
  1191 | D:2      | Reached skill level 1 in Short Blades
  1191 | D:2      | Gained mutation: A meltable shield of frost defends you.
                  | (SH +0) [demonic ancestry]
  1191 | D:2      | Reached XP level 3. HP: 12/24 MP: 6/6
  1436 | D:2      | Found a sparkling altar of Nemelex Xobeh.
  1848 | D:2      | Reached XP level 4. HP: 22/30 MP: 7/7
  2418 | D:3      | Identified the ring of New Discoveries {rCorr Slay+3}
  2863 | D:3      | Reached skill level 1 in Hexes
  3488 | D:4      | Reached skill level 1 in Ice Magic
  3488 | D:4      | Gained mutation: Your movements are slightly less
                  | encumbered by armour. (ER -2) [demonic ancestry]
  3488 | D:4      | Reached XP level 5. HP: 35/35 MP: 8/8
  3571 | D:4      | Identified the +9 short sword of Urgency {speed, Dex+2}
  3804 | D:4      | Found a blossoming altar of Fedhas.
  4175 | D:4      | Reached XP level 6. HP: 39/42 MP: 9/9
  4311 | D:5      | Entered Level 5 of the Dungeon
  4376 | D:5      | Reached skill level 1 in Fighting
  4618 | D:5      | Found Ruppieni's Book Boutique.
  4626 | D:5      | Noticed Duvessa
  4696 | D:6      | Noticed a water moccasin
  4705 | D:6      | Killed a water moccasin
  4706 | D:6      | Reached skill level 1 in Evocations
  4706 | D:6      | Reached XP level 7. HP: 43/50 MP: 10/10
  4956 | D:7      | Noticed a wyvern
  4966 | D:7      | Found a staircase to the Ecumenical Temple.
  4969 | D:7      | Noticed a steam dragon
  4976 | Temple   | Entered the Ecumenical Temple
  5087 | Temple   | Became a worshipper of Ashenzari the Shackled
  5125 | D:7      | Killed a steam dragon
  5449 | D:7      | Killed a wyvern
  5450 | D:7      | Reached XP level 8. HP: 58/58 MP: 6/11
  5601 | D:7      | Found Astracink's Weapon Shoppe.
  6080 | D:6      | Reached skill level 5 in Short Blades
  6407 | D:6      | Found Lozey's Antique Armour Boutique.
  6512 | D:6      | Gained mutation: Your movements are less encumbered by
                  | armour. (ER -4) [demonic ancestry]
  6512 | D:6      | Reached XP level 9. HP: 31/66 MP: 6/12
  6986 | D:6      | Bought a crude scale mail for 252 gold pieces
  6986 | D:6      | Identified the +1 scale mail of the Six Stories {Dex+4}
                  | (You bought it in a shop on level 6 of the Dungeon)
  7185 | D:5      | Noticed Sigmund
  7193 | D:5      | Killed Sigmund
  7225 | D:5      | Reached skill level 5 in Fighting
  7225 | D:5      | Reached skill level 1 in Transmutations
  7225 | D:5      | Reached skill level 1 in Earth Magic
  7395 | D:5      | Found a runed translucent door.
  7396 | D:5      | Noticed Crazy Yiuf
  7830 | D:5      | Noticed Dowan
  7846 | D:5      | Killed Duvessa
  7853 | D:5      | Killed from afar by Dowan

Illustrated notes

Levels and vault maps discovered:
D:1:      ldierk_water_garden, layout_rooms, chequers_ecumenical_altar_lobes,
          moated_statue, ebering_dispersal_statue_hall, minmay_misc_feat_chi,
          serial_bayou_pond_c, minmay_cut_off
D:2:      layout_loops_ring, basic_altar, minmay_curled_crystal,
          serial_park_tiny_2, minmay_misc_feat_ornament, uniq_jessica
D:3:      layout_loops_corners
D:4:      minmay_spotlight, layout_loops_corners, fedhas_altar_1
D:5:      layout_loops_corners, serial_shops, shop, hangedman_decor_riveting,
          lemuel_old_faithful, uniq_duvessa, uniq_sigmund,
          uniq_crazy_yiuf_cottage
D:6:      layout_cave_pools, serial_shops, nicolae_inconvenience_store
D:7:      layout_rooms, minmay_temple_entry_sparse_star, serial_shops,
          nicolae_shop_hallway_plus
Temple:   regret_index_temple_sigil_plot

Skill      XL: |  1  2  3  4  5  6  7  8  9 |
---------------+----------------------------+-----
Stealth        | 2 3 |  3.5
Dodging        | 2 |  2.0
Air Magic      | 3 |  3.3
Short Blades   | 1 2 3 4 5 |  5.6
Conjurations   | 2 |  2.2
Hexes          | 1 2 3 |  3.0
Ice Magic      | 1 2 3 4 |  4.6
Fighting       | 2 3 4 5 |  5.2
Evocations     | 1 2 4 |  4.2
Transmutations | 1 |  1.7
Earth Magic    | 1 |  1.8
Spellcasting   | |  2.0

Action                   |  1- 3 |  4- 6 |  7- 9 || total
-------------------------+-------+-------+-------++-------
Melee: Unarmed           |     6 |       |       ||     6
       Short sword       |    17 |    40 |   184 ||   241
       Dagger            |    20 |    70 |       ||    90
       Punch             |       |     1 |     2 ||     3
 Cast: Shock             |    21 |     6 |    15 ||    42
       Ensorcelled Hiber |       |       |    12 ||    12
Invok: Curse Item        |       |       |     1 ||     1
  Use: Scroll            |     4 |     7 |       ||    11
 Stab: Sleeping          |     5 |    10 |     9 ||    24
Armor: Robe              |     6 |    13 |       ||    19
       Leather armour    |       |     6 |    27 ||    33
Dodge: Dodged            |    22 |    43 |   116 ||   181
Block: Other             |     2 |    12 |    24 ||    38

Table legend: (Time is in decaauts)
 A = Elapsed time spent in this place.
 B = Non-inter-level travel time spent in this place.
 C = Inter-level travel time spent in this place.
 D = Time resting spent in this place.
 E = Time spent auto-exploring this place.
 F = Levels seen in this place.
 G = Mean time per level.
                   A        B        C        D        E       F      G
               +--------+--------+--------+--------+--------+-----+--------+
         Total |   7769 |   7398 |    371 |    219 |   6181 |   8 |  971.1 |
       Dungeon |   7435 |   7117 |    318 |    219 |   5922 |   7 | 1062.1 |
        Temple |    333 |    280 |     53 |      0 |    259 |   1 |  333.0 |
               +--------+--------+--------+--------+--------+-----+--------+

Top non-repeatable levels by time:
     D:6: 1440 daAuts
     D:2: 1220 daAuts
     D:3: 1190 daAuts
     D:5: 1089 daAuts
     D:1: 977 daAuts
     D:4: 921 daAuts
     D:7: 595 daAuts
  Temple: 333 daAuts
